 Seeded DCSS version 0.31.0-32-g396128a36d (webtiles) character file.

Game seed: 5325506971025801390 (custom seed)

157 Hellmel the Poker (level 5, -2/39 HPs)
             Began as a Demonspawn Gladiator on Apr 9, 2024.
             Slain by a ribbon worm (7 damage)
             ... on level 3 of the Dungeon.
             The game lasted 00:03:11 (1730 turns).

Hellmel the Poker (Demonspawn Gladiator)            Turns: 1730, Time: 00:03:12

Health: -2/39      AC:  3    Str: 16    XL:     5   Next: 15%
Magic:  5/5        EV: 12    Int:  9    God:
Gold:   74         SH:  0    Dex: 14    Spells: 4/4 levels left

rFire   . . .        a - +0 trident
rCold   . . .        (no shield)
rNeg    . . .        b - +0 leather armour
rPois   .            (helmet restricted)
rElec   .            (no cloak)
rCorr   .            (no gloves)
SInv    .            (no boots)
Will    .....        (no amulet)
Stlth   +            (no ring)
HPRegen 0.26/turn    (no ring)
MPRegen 0.09/turn

%: no passive effects
@: no status effects
A: antennae 1, foul stench 1, demonic touch 1
a: no special abilities


You were on level 3 of the Dungeon.
You visited 1 branch of the dungeon, and saw 3 of its levels.

You collected 74 gold pieces.

Inventory:

Hand Weapons
 a - a +0 trident (weapon)
Missiles
 d - 3 throwing nets (quivered)
 e - a javelin
Armour
 b - a +0 leather armour (worn)
 c - a +0 helmet
Scrolls
 g - a scroll of fear {unknown}
 h - a scroll of identify {unknown}
 j - a scroll of acquirement {unknown}
 k - a scroll of silence {unknown}
Potions
 i - a potion of invisibility


   Skills:
 + Level 2.6 Fighting
 + Level 4.0 Polearms
 + Level 1.9 Throwing
 + Level 1.6 Armour
 + Level 3.2 Dodging
 + Level 0.8 Stealth


You had 4 spell levels left.
You didn't know any spells.
Your spell library contained the following spells:

 Spells                   Type           Power      Damage    Failure   Level
 Ensorcelled Hibernation  Hex/Ice        0%         N/A       58%         2
 Fugue of the Fallen      Necr           0%         N/A       83%         3
 Anguish                  Hex/Necr       0%         N/A       99%         4


Dungeon Overview and Level Annotations

Branches:
Dungeon (3/15)

Altars:

Shops:
D:1 [   D:2 (


Innate Abilities, Weirdness & Mutations

You have a pair of small antennae on your head.
You may rarely emit foul miasma when damaged in melee.
Your touch may inflict minor irresistible damage on your foes.


Message History

You flicker for a moment.
The frilled lizard closely misses you.
Your Polearms skill increases to level 4!
You have reached level 5!
Your demonic ancestry asserts itself...
Your hands begin to faintly glow with unholy energy.
You barely miss the frilled lizard. The frilled lizard closely misses you.
You hit the frilled lizard.
You kill the frilled lizard!
You hit the orc.
The orc is severely wounded.
The orc misses you. The ribbon worm bites you.
* * * LOW HITPOINT WARNING * * *
You hit the orc.
You kill the orc!
The ribbon worm barely misses you.
You hit the ribbon worm.
The ribbon worm is lightly wounded.
The ribbon worm misses you.
You strike the helpless ribbon worm from behind!
You hit the ribbon worm but do no damage.
Your touch misses the ribbon worm.
The ribbon worm is lightly wounded.
You flicker back into view.
An orc comes into view.
It is wielding a +0 whip and wearing a +1 ring mail of fire resistance.
The ribbon worm expels a string of sticky webbing.
The stream of webbing hits you but does no damage.
You are caught in a web!
There is a web here.
The web tears apart.
The ribbon worm expels a string of sticky webbing.
The stream of webbing hits you but does no damage.
You are caught in a web!
You struggle to detach yourself from the web.
The ribbon worm bites you.
* * * LOW HITPOINT WARNING * * *
The web tears apart.
A goblin comes into view. It is wielding a +0 club.
The ribbon worm bites you!
You die...

. #........... ...
#...........
...#####...........
......#.(†........
#...##..<.......
###.#..g#.....#...
#.................
#..##...###...##..#
#.#@# #.#.# .#
#.w.#,#...# .
#....###).o###.
#..#. .#.# .# #. .
#. .# ## #. .. #.
.. #. # ##


You could see a ribbon worm (catching breath) and a goblin (wandering).

Vanquished Creatures
  Natasha (twice) (D:3)
  3 adders (D:2)
  2 ribbon worms
  3 dart slugs
  An orc (D:3)
  5 bats (D:1)
  5 endoplasms
  4 giant cockroaches
  5 goblins
  4 hobgoblins
  6 jackals
  5 kobolds
  4 quokkas
  4 ball pythons
  2 frilled lizards
  9 rats
64 creatures vanquished.

Notes
Turn   | Place    | Note
-------+----------+-------------------------------------------
     0 | D:1      | Hellmel the Demonspawn Gladiator began the quest for the
                  | Orb.
     0 | D:1      | Reached XP level 1. HP: 16/16 MP: 1/1
    45 | D:1      | Found a faded altar of an unknown god.
   149 | D:1      | Gained mutation: You may rarely emit foul miasma when
                  | damaged in melee. [demonic ancestry]
   149 | D:1      | Reached XP level 2. HP: 22/22 MP: 2/2
   150 | D:1      | Reached skill level 3 in Polearms
   398 | D:1      | Found Usowussu's Armour Shoppe.
   409 | D:1      | Reached XP level 3. HP: 27/27 MP: 3/3
   695 | D:2      | Found Mipuucov's Weapon Shoppe.
   755 | D:2      | Reached skill level 1 in Armour
   905 | D:2      | Discovered your monstrous ancestry.
   905 | D:2      | Gained mutation: You have a pair of small antennae on your
                  | head. [demonic ancestry]
   905 | D:2      | Reached XP level 4. HP: 34/34 MP: 4/4
  1632 | D:3      | Noticed Natasha
  1636 | D:3      | Killed Natasha
  1682 | D:3      | Noticed Natasha
  1720 | D:3      | Killed Natasha
  1721 | D:3      | Reached skill level 4 in Polearms
  1721 | D:3      | Gained mutation: Your touch may inflict minor irresistible
                  | damage on your foes. [demonic ancestry]
  1721 | D:3      | Reached XP level 5. HP: 11/39 MP: 5/5
  1730 | D:3      | Slain by a ribbon worm

Illustrated notes

Levels and vault maps discovered:
D:1:      minmay_arrival_glassed_features, layout_basic,
          ebering_ecumenical_altar_rust, serial_shops, shop_fountains
D:2:      layout_basic, serial_shops, nicolae_shop_advertising_works
          [nicolae_subvault_shop_adworks]
D:3:      layout_rooms, nicolae_overflow_hidden_temple,
          mainiacjoe_overflow_surrounded_room, minmay_starry_boxes, uniq_natasha

Skill      XL: |  1  2  3  4 |
---------------+-------------+-----
Polearms       | 3 4 |  4.0
Dodging        | 3 |  3.2
Armour         | 1 |  1.6
Fighting       | |  2.6
Throwing       | |  1.9
Stealth        | |  0.8

Action                     |  1- 3 |  4- 6 || total
---------------------------+-------+-------++-------
  Melee: Trident           |   123 |    90 ||   213
         Punch             |     2 |       ||     2
    Use: Potion            |       |     3 ||     3
   Stab: Sleeping          |     4 |     1 ||     5
         Invisible         |       |     6 ||     6
 Armour: Leather armour    |    61 |    37 ||    98
  Dodge: Dodged            |    67 |    57 ||   124
